 Dungeon Crawl Stone Soup version 0.30-a0-847-g17996783a1 (webtiles) character file.

Game seed: 13824326303024359436

71 cforsyth the Sneak (level 4, 0/28 HPs)
             Began as a Kobold Brigand on Mar 3, 2023.
             Succumbed to Crazy Yiuf's poison
             ... on level 2 of the Dungeon.
             The game lasted 00:01:39 (1130 turns).

cforsyth the Sneak (Kobold Brigand)                 Turns: 1130, Time: 00:01:40

Health: 0/28       AC:  7    Str:  8    XL:     4   Next: 47%
Magic:  4/4        EV: 15    Int: 12    God:
Gold:   55         SH:  0    Dex: 18    Spells: 3/3 levels left

rFire   . . .      SeeInvis .    n - +2 dagger (venom)
rCold   . . .      Faith    .    (no shield)
rNeg    . . .      Spirit   .    b - +0 robe
rPois   .          Reflect  .    (no helmet)
rElec   .          Rampage  .    c - +0 cloak
rCorr   .                        (no gloves)
Will    .....                    (no boots)
Stlth   ++++                     (no amulet)
HPRegen 0.24/turn                p - +4 ring of protection
MPRegen 0.09/turn                (no ring)

@: lethally poisoned (0 -> -20)
A: small, no large weapons, nightstalker 3
a: no special abilities


You were on level 2 of the Dungeon.
You visited 1 branch of the dungeon, and saw 2 of its levels.

You collected 55 gold pieces.

Inventory:

Hand Weapons
 a - a +2 dagger
 n - a +2 dagger of venom (weapon)
Missiles
 d - 11 poisoned darts (quivered)
 e - 5 curare-tipped darts
Armour
 b - a +0 robe (worn)
 c - a +0 cloak (worn)
Jewellery
 p - a +4 ring of protection (left hand)
Scrolls
 i - 2 scrolls of teleportation {unknown}
 j - 2 scrolls of immolation {unknown}
 l - a scroll of summoning {unknown}
 o - a scroll of identify {unknown}
Potions
 f - a potion of heal wounds
 g - 2 potions of curing {unknown}
 h - a potion of lignification {unknown}
 k - 2 potions of haste {unknown}
 m - a potion of berserk rage {unknown}
 q - a potion of brilliance {unknown}


   Skills:
 + Level 3.0 Fighting
 + Level 3.6 Short Blades
 - Level 2.1 Throwing
 + Level 2.5 Dodging
 + Level 6.1 Stealth


You had 3 spell levels left.
You didn't know any spells.
Your spell library was empty.

Dungeon Overview and Level Annotations

Branches:
Dungeon (2/15)

Altars:

Annotations:
D:2 Crazy Yiuf


Innate Abilities, Weirdness & Mutations

You are small and have problems with some larger weapons.
You are completely attuned to the shadows.


Message History

The fungus is lightly damaged.
You hit the fungus.
The fungus is lightly damaged.
You hit the fungus.
The fungus is lightly damaged.
A nearby fungus withers and dies.
Found a runed translucent door.
Found a hammer.
Press: ? - help, v - describe, . - travel
Here: Crazy Yiuf, wielding a +3 quarterstaff of chaos and wearing a +0 cloak (asleep, fire blocked by a runed translucent door)
The floor.
Level annotation: 1 runed translucent door, Crazy Yiuf Welcome back, cforsyth the Kobold Brigand.
Press ? for a list of commands and other information.
You open the door.
Crazy Yiuf glowers.
There is an open translucent door here.
Crazy Yiuf misses you.
You hit Crazy Yiuf but do no damage.
Crazy Yiuf is poisoned.
Crazy Yiuf misses you.
You hit Crazy Yiuf.
Crazy Yiuf looks as sick as possible!
Crazy Yiuf is lightly wounded.
Crazy Yiuf hits you with a +3 quarterstaff of chaos!
You are poisoned.
You hit Crazy Yiuf.
Crazy Yiuf looks as sick as possible!
Crazy Yiuf is moderately wounded.
You feel very sick. Crazy Yiuf barely misses you.
You hit Crazy Yiuf.
Crazy Yiuf looks as sick as possible!
Crazy Yiuf is severely wounded.
You feel sick.
You hit Crazy Yiuf but do no damage.
Crazy Yiuf looks as sick as possible!
Crazy Yiuf is severely wounded.
You feel sick.
Crazy Yiuf hits you with a +3 quarterstaff of chaos.
* * * LOW HITPOINT WARNING * * *
You are more poisoned.
You hit Crazy Yiuf but do no damage.
Crazy Yiuf looks as sick as possible!
Crazy Yiuf is almost dead.
You die...

..<[## ###..........#
.....# #..........#
.....# ######..........#
....^###...#############
......##...#
...##.##...# #####
.####......# #)..#
)..........# #.g.#
...####)...# #.@.#
#.#####....# ##'##
#.###...#### #.##
...>....## ##.#
.........### #.##
.....รท.....# ##.#
..........## ##.##
..........# ##...#
..........# #.PPP#


You could see Crazy Yiuf (extremely poisoned).

Vanquished Creatures
  3 adders (D:2)
  4 dart slugs
  An endoplasm (D:2)
  3 giant cockroaches (D:1)
  2 goblins (D:2)
  2 hobgoblins (D:1)
  7 ball pythons
  3 bats
  A frilled lizard (D:1)
  6 kobolds
  6 rats
38 creatures vanquished.

Vanquished Creatures (others)
  A fungus (D:2)
1 creature vanquished.

Grand Total: 39 creatures vanquished

Notes
Turn   | Place    | Note
-------+----------+-------------------------------------------
     0 | D:1      | cforsyth the Kobold Brigand began the quest for the Orb.
     0 | D:1      | Reached XP level 1. HP: 12/12 MP: 1/1
    86 | D:1      | Reached XP level 2. HP: 4/18 MP: 2/2
   454 | D:1      | Reached XP level 3. HP: 22/22 MP: 3/3
   733 | D:2      | Reached skill level 6 in Stealth
   733 | D:2      | Reached XP level 4. HP: 8/27 MP: 4/4
  1118 | D:2      | Found a runed translucent door.
  1121 | D:2      | Noticed Crazy Yiuf
  1130 | D:2      | Succumbed to Crazy Yiuf's poison

Illustrated notes

Levels and vault maps discovered:
D:1:      dpeg_arrival_refuge, layout_rooms
D:2:      layout_rooms, serial_glass, glass_columns_b, glass_columns_a,
          uniq_crazy_yiuf_cottage

Skill      XL: |  1  2  3  4 |
---------------+-------------+-----
Short Blades   | 3 |  3.6
Dodging        | 2 |  2.5
Stealth        | 6 |  6.1
Fighting       | 3 |  3.0
Throwing       | |  2.1

Action                     |  1- 3 |  4- 6 || total
---------------------------+-------+-------++-------
  Melee: Dagger            |    71 |    20 ||    91
    Use: Potion            |       |     1 ||     1
   Stab: Sleeping          |    11 |     6 ||    17
 Armour: Robe              |     6 |       ||     6
  Dodge: Dodged            |    48 |     6 ||    54

Table legend: (Time is in decaauts)
 A = Elapsed time spent in this place.
 B = Non-inter-level travel time spent in this place.
 C = Inter-level travel time spent in this place.
 D = Time resting spent in this place.
 E = Time spent auto-exploring this place.
 F = Levels seen in this place.
 G = Mean time per level.
                   A        B        C        D        E       F      G
               +--------+--------+--------+--------+--------+-----+--------+
         Total |   1115 |   1085 |     30 |      0 |    847 |   2 |  557.5 |
       Dungeon |   1115 |   1085 |     30 |      0 |    847 |   2 |  557.5 |
               +--------+--------+--------+--------+--------+-----+--------+

Top non-repeatable levels by time:
     D:1: 603 daAuts
     D:2: 511 daAuts
